 Dungeon Crawl Stone Soup version 0.32-a0-18-g89e19f1974 (webtiles) character file.

Game seed: 9778136645408532784

3157 zenocrate the Covert (level 9, -6/45 HPs)
             Began as a Vine Stalker Enchanter on Jan 16, 2024.
             Mangled by an orc warrior
             ... wielding a +0 halberd
              (9 damage)
             ... in a bailey on Jan 17, 2024.
             The game lasted 00:18:10 (7361 turns).

zenocrate the Covert (Vine Stalker Enchanter)       Turns: 7361, Time: 00:18:10

Health: -6/45      AC:  7    Str: 10    XL:     9   Next: 94%
Magic:  0/22       EV: 15    Int: 15    God:
Gold:   1689       SH:  0    Dex: 20    Spells: 4/12 levels left

rFire   . . .        a - +1 dagger
rCold   . . .        (no shield)
rNeg    + . .        t - +2 robe {rN+}
rPois   .            w - +0 helmet
rElec   .            G - +0 cloak
rCorr   +            x - +0 pair of gloves
SInv    .            (no boots)
Will    +....        (no amulet)
Stlth   +++++        g - ring of magical power
HPRegen 1.87/turn    u - ring of resist corrosion
MPRegen 0.18/turn

%: guardian spirit
@: no status effects
A: fangs 3, regeneration 2, magic shield, antimagic bite, no potion heal 2,
robust 1
a: no special abilities


You were in a bailey.
You visited 1 branch of the dungeon, and saw 7 of its levels.
You also visited: Sewer and Bailey.

You collected 1689 gold pieces.

Inventory:

Hand Weapons
 a - a +1 dagger (weapon)
 E - a +2 dagger of freezing
Missiles
 f - 7 boomerangs
 h - 3 darts of dispersal
 i - 5 javelins
 p - 10 poisoned darts (quivered)
Armour
 t - a +2 robe of positive energy (worn)
 w - a +0 helmet (worn)
 x - a +0 pair of gloves (worn)
 y - the +9 scales of the Dragon King {rPois rF+ rC+ Will+}
   (You found it on level 4 of the Dungeon)

   rF+:       It protects you from fire.
   rC+:       It protects you from cold.
   rPois:     It protects you from poison Will+: It increases your willpower.
 D - a +2 leather armour of positive energy
 G - a +0 cloak (worn)
Jewellery
 g - a ring of magical power (left hand)
 u - a ring of resist corrosion (right hand)
Wands
 m - a wand of flame (38)
 v - a wand of polymorph (13)
Scrolls
 d - 3 scrolls of fear
 e - a scroll of enchant armour
 j - 2 scrolls of poison
 l - 4 scrolls of blinking
 o - 5 scrolls of teleportation
 q - 2 scrolls of vulnerability
Potions
 b - 3 potions of might
 c - 4 potions of invisibility
 k - 3 potions of mutation
 n - 2 potions of cancellation
 r - 3 potions of curing
 z - a potion of magic
 A - 2 potions of enlightenment
 F - a potion of haste {unknown}


   Skills:
 - Level 1.1 Fighting
 + Level 5.4 Short Blades
 - Level 1.1 Throwing
 + Level 5.5 Dodging
 + Level 9.9 Stealth
 - Level 2.1 Spellcasting
 + Level 6.5 Hexes
 + Level 4.1 Ice Magic


You had 4 spell levels left.
You knew the following spells:

 Your Spells              Type           Power      Damage    Failure   Level
a - Ensorcelled Hibernat  Hex/Ice        34%        N/A       3%          2
b - Confusing Touch       Hex            21%        N/A       4%          3
c - Tukima's Dance        Hex            21%        N/A       4%          3

Your spell library contained the following spells:

 Spells                   Type           Power      Damage    Failure   Level
 Dazzling Flash           Conj/Hex       22%        N/A       17%         3
 Magic Dart               Conj           4%         1d3       22%         1
 Necrotise                Necr           4%         1d4       22%         1
 Searing Ray              Conj           2%         2d4       32%         2
 Vampiric Draining        Necr           1%         2d6       54%         3
 Fulminant Prism          Conj/Alch      0%         3d5       91%         4
 Martyr's Knell           Necr/Summ      1%         N/A       91%         4
 Curse of Agony           Necr           1%         N/A       99%         5


Dungeon Overview and Level Annotations

Branches:
Dungeon (7/15)             Temple (0/1) D:7           Sewer (visited)
 Bailey (1/1)

Altars:
Gozag
Kikubaaqudgha
Nemelex Xobeh
Ru
Trog
Uskayaw
Wu Jian
The Shining One

Shops:
D:5 !*   D:6 (


Innate Abilities, Weirdness & Mutations

You have razor-sharp teeth.
You heal very quickly.
When hurt, damage is shared between your health and your magic reserves.
Your bite disrupts and absorbs the magic of your enemies.
Potions cannot restore your health.
You are robust. (+10% HP)


Message History

Press: ? - help, Shift-Dir - straight line, f - orc
Aim: an orc, wielding a +0 halberd (chance to affect: 67%)
Okay, then.
The orc warrior hits you from afar with a +0 halberd!
The orc hits you from afar with a +0 halberd!
Unknown command.
The orc barely misses you. The orc warrior completely misses you.
The orc barely misses you. The orc misses you. The orc closely misses you.
There is an open door, spattered with blood here.
Items here: )) [[.
You are too injured to fight recklessly!
You are too injured to fight recklessly!
Unknown command.
You hit the orc warrior.
You bite the orc warrior, but do no damage.
The orc warrior is lightly wounded.
The orc closely misses you.
Casting: Ensorcelled Hibernation (safe; 3% risk of failure)
Confirm with . or Enter, or press ? or * to list all spells.
Aiming: Ensorcelled Hibernation (safe; 3% risk of failure)
Press: ? - help, Shift-Dir - straight line, f - orc
Aim: an orc, wielding a +0 war axe (chance to affect: 67%)
The orc looks drowsy...
The orc warrior hits you with a +0 halberd!
The orc barely misses you. The orc closely misses you.
The orc hits you but does no damage.
The helpless orc fails to defend itself.
You spit the orc like a pig!!!!
You kill the orc!
The orc warrior closely misses you. The orc barely misses you.
The orc misses you. The orc closely misses you.
Unknown command.
The orc warrior hits you from afar with a +0 halberd!
* * * LOW HITPOINT WARNING * * *
The orc hits you from afar with a +0 halberd!
* * * LOW HITPOINT WARNING * * *
Unknown command.
The orc warrior attacks as it pursues you!
The orc warrior hits you from afar with a +0 halberd!
You die...

#.......#
#....)..#
#..#.#..#
#..#8#).#
#...o...#
##o).o.##
###o###
#...#
#@..#
#...#
#...#
###'###
##.....##
#.......#
#.......#
#......)#
#..#.#.)#


You could see an orc warrior and 2 orcs.

Vanquished Creatures
  Prince Ribbit (D:4)
  A wyvern (D:7)
  2 water moccasins (D:6)
  2 black bears (D:4)
  5 orc warriors
  An ice beast (D:6)
  An ogre (D:5)
  A centaur (D:6)
  A phantom (D:7)
  A brain worm (Sewer)
  4 scorpions
  3 bombardier beetles
  A crimson imp (D:6)
  A jelly (D:6)
  5 hounds
  6 orc priests
  Jessica (D:3)
  2 gnoll boudas (D:6)
  5 iguanas
  4 orc wizards
  Ijyb (D:5)
  Terence (D:3)
  9 adders
  19 gnolls
  2 river rats (Sewer)
  A shadow imp (D:5)
  A white imp (D:6)
  2 ufetubi (D:6)
  4 ribbon worms
  2 dart slugs (Sewer)
  29 orcs
  2 bat zombies (D:4)
  4 endoplasms
  6 giant cockroaches
  13 goblins
  10 hobgoblins
  5 jackals
  11 kobolds
  4 quokkas
  18 ball pythons
  6 bats
  6 frilled lizards
  A frilled lizard zombie (D:4)
  6 rats
211 creatures vanquished.

Notes
Turn   | Place    | Note
-------+----------+-------------------------------------------
     0 | D:1      | zenocrate the Vine Stalker Enchanter began the quest for
                  | the Orb.
     0 | D:1      | Reached XP level 1. HP: 9/9 MP: 4/4
    36 | D:1      | Reached skill level 1 in Short Blades
    77 | D:1      | Found a faded altar of an unknown god.
   233 | D:1      | Reached XP level 2. HP: 13/13 MP: 6/6
   364 | D:1      | Reached skill level 4 in Stealth
   562 | D:2      | Reached XP level 3. HP: 16/16 MP: 7/7
   565 | D:2      | Learned a level 2 spell: Ensorcelled Hibernation
   569 | D:2      | Learned a level 3 spell: Confusing Touch
  1260 | D:3      | Noticed Jessica
  1267 | D:3      | Killed Jessica
  1268 | D:3      | Reached XP level 4. HP: 21/21 MP: 8/8
  1357 | D:3      | Identified the +5 ring mail "Kihohus" {rN+ MP+9}
  1480 | D:3      | Reached skill level 1 in Throwing
  1483 | D:3      | Reached skill level 1 in Ice Magic
  1483 | D:3      | Reached XP level 5. HP: 24/24 MP: 9/9
  1548 | D:3      | Found a sacrificial altar of Ru.
  1693 | D:3      | Learned a level 3 spell: Tukima's Dance
  1708 | D:3      | Noticed Terence
  1726 | D:3      | Killed Terence
  2519 | D:4      | Reached skill level 5 in Stealth
  2519 | D:4      | Reached XP level 6. HP: 18/28 MP: 6/10
  2832 | D:4      | Found an ancient bone altar of Kikubaaqudgha.
  3154 | D:4      | Found the +9 scales of the Dragon King {rPois rF+ rC+
                  | Will+}
  3189 | D:4      | Noticed a black bear
  3205 | D:4      | Killed a black bear
  3206 | D:4      | Reached XP level 7. HP: 22/32 MP: 9/11
  3411 | D:4      | Found a hide-covered altar of Uskayaw.
  3413 | D:4      | Found a bloodstained altar of Trog.
  3413 | D:4      | Found an ornate altar of the Wu Jian Council.
  3487 | D:4      | Found an opulent altar of Gozag.
  3512 | D:4      | Found a sparkling altar of Nemelex Xobeh.
  3565 | D:5      | Entered Level 5 of the Dungeon
  3629 | D:5      | Found Qeshreiru's Distillery.
  3810 | D:4      | Gained mutation: You heal very quickly. [potion of
                  | mutation]
  3810 | D:4      | Gained mutation: You are robust. (+10% HP) [potion of
                  | mutation]
  3936 | D:4      | Reached skill level 1 in Fighting
  4039 | D:5      | Reached skill level 6 in Stealth
  4099 | D:5      | Noticed Prince Ribbit
  4102 | D:5      | Noticed Ijyb
  4147 | D:4      | Killed Prince Ribbit
  4148 | D:4      | Gained mutation: You have razor-sharp teeth. [Vine Stalker
                  | growth]
  4148 | D:4      | Reached XP level 8. HP: 29/40 MP: 12/12
  4221 | D:5      | Found Xext's General Store.
  4329 | D:5      | Killed Ijyb
  4417 | D:5      | Reached skill level 7 in Stealth
  4538 | D:5      | Reached skill level 5 in Hexes
  5013 | D:5      | HP: 1/40 [orc warrior/+0 glaive (9)]
  5228 | D:5      | Reached skill level 8 in Stealth
  5382 | D:6      | Reached XP level 9. HP: 38/45 MP: 13/13
  5397 | D:6      | Found a glowing drain.
  5411 | Sewer    | Entered a sewer
  6051 | D:6      | Reached skill level 9 in Stealth
  6264 | D:6      | Reached skill level 5 in Dodging
  6277 | D:6      | Found Heclueg's Antique Weapon Shoppe.
  6405 | D:6      | Reached skill level 5 in Short Blades
  6935 | D:7      | Identified a scroll of acquirement
  6935 | D:7      | Acquired 1058 gold pieces
  7096 | D:7      | Found a glowing golden altar of the Shining One.
  7158 | D:7      | Found a flagged portal.
  7202 | Bailey   | Entered a bailey
  7360 | Bailey   | HP: 1/45 [orc/+0 halberd (9)]
  7361 | Bailey   | Mangled by an orc warrior

Illustrated notes

Levels and vault maps discovered:
D:1:      psy_arrival_basics, layout_basic, chequers_ecumenical_altar_simple,
          minmay_misc_feat_doors
D:2:      layout_basic
D:3:      kennysheep_six_static_rooms, layout_loops_ring,
          nicolae_overflow_hidden_temple, uniq_terence, uniq_jessica
D:4:      layout_cave_pools, gammafunk_temple_overflow_forgotten,
          lemuel_zombie_altar_kikubaaqudgha, general_overflow_altar,
          lemuel_tele_altar
D:5:      layout_cave_pools, serial_shops, nicolae_diamond_shop,
          nicolae_shop_tiny_statue_garden, kennysheep_generic_room_6, uniq_ijyb,
          uniq_prince_ribbit1
D:6:      layout_cave_pools, portal_sewer_entry_f, serial_shops,
          nicolae_shop_tiny_glass, minmay_fire_ice_demons
D:7:      layout_gridville, lemuel_crystal_altar, minmay_temple_entry_fiery,
          enter_bailey_5, minivault_10
Bailey:   bailey_polearm_5, bailey

Skill      XL: |  1  2  3  4  5  6  7  8  9 |
---------------+----------------------------+-----
Short Blades   | 1 2 3 4 5 |  5.4
Stealth        | 4 5 6 8 9 |  9.9
Dodging        | 2 3 4 5 |  5.5
Throwing       | 1 |  1.1
Ice Magic      | 1 2 3 4 |  4.1
Hexes          | 4 5 6 |  6.5
Fighting       | 1 |  1.1
Spellcasting   | |  2.1

Action                     |  1- 3 |  4- 6 |  7- 9 || total
---------------------------+-------+-------+-------++-------
  Melee: Dagger            |    81 |   193 |   494 ||   768
         Bite              |    22 |    44 |   151 ||   217
         Punch             |     1 |     3 |     7 ||    11
   Cast: Ensorcelled Hiber |       |    32 |    79 ||   111
         Confusing Touch   |       |     1 |     9 ||    10
    Use: Scroll            |       |     3 |    14 ||    17
         Potion            |       |       |     4 ||     4
   Stab: Sleeping          |     8 |    16 |    50 ||    74
         Distracted        |     1 |     1 |       ||     2
         Confused          |       |     1 |     6 ||     7
 Armour: Robe              |    37 |   140 |   330 ||   507
         Skin              |       |       |     1 ||     1
  Dodge: Dodged            |    44 |   149 |   479 ||   672

Table legend: (Time is in decaauts)
 A = Elapsed time spent in this place.
 B = Non-inter-level travel time spent in this place.
 C = Inter-level travel time spent in this place.
 D = Time resting spent in this place.
 E = Time spent auto-exploring this place.
 F = Levels seen in this place.
 G = Mean time per level.
                   A        B        C        D        E       F      G
               +--------+--------+--------+--------+--------+-----+--------+
         Total |   7418 |   7172 |    246 |    316 |   4909 |   9 |  824.2 |
       Dungeon |   6557 |   6311 |    246 |    316 |   4319 |   7 |  936.7 |
         Sewer |    712 |    712 |      0 |      0 |    506 |   1 |  712.0 |
        Bailey |    148 |    148 |      0 |      0 |     83 |   1 |  148.0 |
               +--------+--------+--------+--------+--------+-----+--------+

Top non-repeatable levels by time:
     D:4: 1464 daAuts
     D:3: 1422 daAuts
     D:5: 1152 daAuts
     D:6: 981 daAuts
   Sewer: 712 daAuts
     D:2: 697 daAuts
     D:1: 532 daAuts
     D:7: 306 daAuts
  Bailey: 148 daAuts
